 Dungeon Crawl Stone Soup version 0.30.0-10-gfe55d96785 (webtiles) character file.

Game seed: 7633203243896419449

695 qw the Chopper (level 7, -2/42 HPs)
             Began as a Gargoyle Cinder Acolyte on May 17, 2023.
             Was a Priest of Ignis.
             Slain by a wight
             ... wielding a +2 long sword
              (4 damage)
             ... on level 7 of the Dungeon.
             The game lasted 00:01:59 (2877 turns).

qw the Chopper (Gargoyle Cinder Acolyte)            Turns: 2877, Time: 00:01:59

Health: -2/42      AC: 26    Str: 20    XL:     7   Next: 64%
Magic:  8/8        EV:  9    Int: 14    God:    Ignis [***...]
Gold:   146        SH:  7    Dex:  5    Spells: 8/8 levels left

rFire   + . .        Y - +1 hand axe (flame)
rCold   . . .        f - +0 kite shield
rNeg    + . .        b - +0 plate armour
rPois   inf          h - +0 helmet
rElec   +            (no cloak)
rCorr   .            g - +1 pair of gloves
SInv    .            (no boots)
Will    .....        i - amulet of the acrobat Stlth
                     n - +5 ring of evasion
HPRegen 0.27/turn    (no ring)
MPRegen 0.11/turn

%: acrobat
@: fiery-armoured
A: sickness immunity, AC +4, negative energy resistance 1, electricity
resistance, torment resistance 1, petrification resistance
a: Renounce Religion, Fiery Armour, Foxfire Swarm, Rising Flame


You were on level 7 of the Dungeon.
You worshipped Ignis.
Ignis was most pleased with you.
You visited 1 branch of the dungeon, and saw 5 of its levels.
You also visited: Sewer.

You collected 146 gold pieces.


Innate Abilities, Weirdness & Mutations

You are immune to sickness and miasma.
Your stone body is resilient. (AC +4)
You are immune to poison.
You resist negative energy. (rN+)
You are resistant to electric shocks. (rElec)
You are resistant to unholy torment.
You are immune to petrification.


   Skills:
 + Level 3.8 Fighting
 - Level 5.2 Axes
 - Level 3.8 Armour
 - Level 5.1 Shields
 - Level 1.0 Spellcasting
 - Level 3.0 Fire Magic


You had 8 spell levels left.
You didn't know any spells.
Your spell library contained the following spells:

 Spells                   Type           Power      Damage    Failure   Level
 Scorch                   Fire           18%        2d5       100%        2

Inventory:

Hand Weapons
 Y - a +1 hand axe of flaming (weapon)
Armour
 b - a +0 plate armour (worn)
 f - a +0 kite shield (worn)
 g - a +1 pair of gloves (worn)
 h - a +0 helmet (worn)
Jewellery
 i - an amulet of the acrobat (around neck)
 n - a +5 ring of evasion (left hand)
Scrolls
 l - 2 scrolls of identify
Potions
 a - 4 potions of haste
 c - a potion of flight {unknown}
 d - a potion of cancellation
 e - a potion of resistance {unknown}
 j - a potion of curing {unknown}
 k - a potion of brilliance {unknown}
 m - a potion of ambrosia {unknown}
 o - a potion of mutation {unknown}
 p - a potion of might

Dungeon Overview and Level Annotations

Branches:
Dungeon (4/15)              Sewer (visited)
 Temple: D:4-7

Altars:


Message History

The centaur is burned by your cloak of flames.
You kill the centaur!
Your Axes skill increases to level 5!
You hit the wight but do no damage.
The wight is lightly damaged.
You hit the wight but do no damage. You block the wight's attack.
The wight hits you with a +0 falchion.
You barely miss the wight.
The wight is lightly damaged.
You hit the wight but do no damage. You barely miss the wight.
The wight hits you with a +0 great sword!
The wight is burned by your cloak of flames.
The wight is moderately damaged.
The wight hits you with a +0 falchion.
The wight hits you with a +2 morningstar of freezing!
The wight freezes you.
The wight is burned by your cloak of flames.
The wight is heavily damaged.
The wight barely misses you.
You slash the wight! You burn the wight.
You destroy the wight!
You hit the wight. You burn the wight. You hit the wight but do no damage.
You barely miss the wight. You block the wight's attack.
The wight hits you but does no damage.
The wight is burned by your cloak of flames.
The wight is severely damaged.
The wight hits you but does no damage.
You closely miss the wight.
The wight is severely damaged.
You barely miss the wight. You hit the wight. You burn the wight.
You hit the wight. You burn the wight. You block the wight's attack.
The wight misses you. You block the wight's attack. x2
You closely miss the wight.
The wight is severely damaged.
You closely miss the wight. You hit the wight. You burn the wight.
You destroy the wight!
You hit the wight. You burn the wight.
The wight hits you with a +2 long sword.
You die...

## #..#.........#
... ..##........#
#.##.#.....(...# .
#..#.#.#.......#
.. #.....#.......#
..[# #...........#
.....#...........#
...#<.z)..########
......z@..#
...###z)..# ##.###
#.# #.# #.# #.#
..#


You could see 3 wights.

Vanquished Creatures
  An ogre (D:4)
  A centaur (D:7)
  2 kobold brigands (Sewer)
  2 wights (D:7)
  A hound (D:4)
  A gnoll bouda (D:4)
  Robin (D:3)
  8 adders
  8 gnolls
  6 dart slugs
  An orc (D:4)
  6 ball pythons
  10 bats
  7 endoplasms
  4 giant cockroaches
  7 hobgoblins
  3 jackals (D:1)
  A quokka (D:1)
  4 frilled lizards
  16 goblins
  20 kobolds
  13 rats
123 creatures vanquished.

Notes
Turn   | Place    | Note
-------+----------+-------------------------------------------
     0 | D:1      | qw the Gargoyle Cinder Acolyte began the quest for the Orb.
     0 | D:1      | Reached XP level 1. HP: 14/14 MP: 2/2
     0 | D:1      | 0 ||| qw: Version: 0.2-a-95-g206ef33
     0 | D:1      | 0 ||| qw: Game counter: 174
     0 | D:1      | 0 ||| qw: Always use a shield: true
     0 | D:1      | 0 ||| qw: God list: Okawaru
     0 | D:1      | 0 ||| qw: Allow faded altars: false
     0 | D:1      | 0 ||| qw: Do Orc after D:15 true
     0 | D:1      | 0 ||| qw: Do second Lair branch before Depths: true
     0 | D:1      | 0 ||| qw: Lair rune preference: random
     0 | D:1      | 0 ||| qw: Plans: Normal
     0 | D:1      | 0 ||| PLANNING D:1-11
    25 | D:1      | 25 ||| Stepping ~*~*~tactically~*~*~ (hiding).
    43 | D:1      | 43 ||| INVOKING Fiery Armour.
    45 | D:1      | Reached skill level 3 in Axes
    55 | D:1      | Reached XP level 2. HP: 11/19 MP: 3/3
   157 | D:1      | 157 ||| Stepping ~*~*~tactically~*~*~ (hiding).
   175 | D:1      | 175 ||| Stepping ~*~*~tactically~*~*~ (stealth).
   195 | D:1      | 195 ||| Stepping ~*~*~tactically~*~*~ (hiding).
   302 | D:1      | 302 ||| INVOKING Fiery Armour.
   305 | D:1      | Reached XP level 3. HP: 12/23 MP: 4/4
   795 | D:1      | 795 ||| UPGRADING to +0 pair of gloves.
   800 | D:1      | 800 ||| READING scroll labelled OLOYCS MUORUSS.
   805 | D:1      | 805 ||| READING scroll labelled OGUEDA SIHIBB.
   806 | D:1      | 806 ||| READING scroll labelled MEWEVV PIFOCYT.
   807 | D:1      | 807 ||| READING scroll labelled VATWEI HUSSAA.
   820 | D:2      | 820 ||| INVOKING Fiery Armour.
   829 | D:2      | Reached XP level 4. HP: 24/28 MP: 5/5
   829 | D:2      | 829 ||| STAIRDANCE
   947 | D:2      | 947 ||| Stepping ~*~*~tactically~*~*~ (hiding).
   963 | D:2      | 963 ||| Stepping ~*~*~tactically~*~*~ (hiding).
   964 | D:2      | 964 ||| Stepping ~*~*~tactically~*~*~ (hiding).
  1091 | D:2      | 1091 ||| Stepping ~*~*~tactically~*~*~ (stealth).
  1244 | D:2      | 1244 ||| UPGRADING to +0 kite shield.
  1285 | D:2      | 1285 ||| UPGRADING to +0 scale mail.
  1295 | D:2      | 1295 ||| DROPPING +0 robe.
  1435 | D:2      | Reached skill level 1 in Shields
  1485 | D:2      | 1485 ||| DROPPING ring of wizardry.
  1486 | D:2      | 1486 ||| UPGRADING to +5 ring of evasion.
  1487 | D:2      | 1487 ||| READING scroll labelled ANAOWECREN.
  1488 | D:2      | 1488 ||| DROPPING potion of invisibility.
  1528 | D:3      | 1528 ||| PLANNING SEWER
  1550 | D:3      | Reached XP level 5. HP: 32/32 MP: 6/6
  1692 | D:3      | 1692 ||| INVOKING Fiery Armour.
  1698 | D:3      | Noticed Robin
  1709 | D:3      | Killed Robin
  1873 | D:3      | Found a glowing drain.
  1874 | D:3      | 1874 ||| UPGRADING to +0 plate armour.
  1884 | D:3      | 1884 ||| UPGRADING to +0 helmet.
  1889 | D:3      | 1889 ||| DROPPING +0 scale mail.
  1890 | D:3      | 1890 ||| UPGRADING to amulet of the acrobat.
  1895 | D:3      | 1895 ||| READING scroll labelled YLIEKHL ODEUT.
  1904 | Sewer    | Entered a sewer
  2093 | Sewer    | Noticed a kobold brigand
  2094 | Sewer    | 2094 ||| Stepping ~*~*~tactically~*~*~ (water).
  2095 | Sewer    | 2095 ||| INVOKING Fiery Armour.
  2097 | Sewer    | Reached skill level 1 in Armour
  2101 | Sewer    | Killed a kobold brigand
  2102 | Sewer    | Reached XP level 6. HP: 37/37 MP: 7/7
  2208 | Sewer    | 2208 ||| READING scroll labelled HUIS GEICA.
  2209 | Sewer    | 2209 ||| READING scroll labelled QAOWKUPSINN.
  2210 | Sewer    | 2210 ||| DRINKING 2 murky brown potions.
  2211 | Sewer    | 2211 ||| DRINKING 2 viscous blue potions.
  2212 | Sewer    | 2212 ||| READING 2 scrolls of identify.
  2212 | Sewer    | 2212 ||| IDENTIFYING fuming dark potion
  2227 | D:3      | 2227 ||| PLANNING D:1-11
  2377 | D:3      | 2377 ||| READING scroll of enchant armour.
  2377 | D:3      | 2377 ||| ENCHANTING +0 pair of gloves.
  2379 | D:3      | Found a faded altar of an unknown god.
  2395 | D:3      | 2395 ||| READING scroll of enchant weapon.
  2395 | D:3      | 2395 ||| ENCHANTING +0 hand axe of flaming.
  2529 | D:3      | 2529 ||| DRINKING 2 white potions.
  2550 | D:3      | 2550 ||| DROPPING potion of lignification.
  2594 | D:4      | 2594 ||| STAIRDANCE
  2632 | D:4      | HP: 4/37 [ogre/+0 giant club (27)]
  2633 | D:4      | 2633 ||| READING scroll of teleportation.
  2634 | D:4      | 2634 ||| DRINKING potion of heal wounds.
  2636 | D:4      | Reached skill level 3 in Armour
  2636 | D:4      | Reached XP level 7. HP: 31/41 MP: 8/8
  2646 | D:4      | 2646 ||| Stepping ~*~*~tactically~*~*~ (stealth).
  2647 | D:4      | 2647 ||| Stepping ~*~*~tactically~*~*~ (stealth).
  2648 | D:4      | 2648 ||| Stepping ~*~*~tactically~*~*~ (stealth).
  2649 | D:4      | 2649 ||| Stepping ~*~*~tactically~*~*~ (stealth).
  2658 | D:4      | 2658 ||| Stepping ~*~*~tactically~*~*~ (stealth).
  2659 | D:4      | 2659 ||| Stepping ~*~*~tactically~*~*~ (stealth).
  2681 | D:4      | 2681 ||| Stepping ~*~*~tactically~*~*~ (stealth).
  2709 | D:4      | 2709 ||| INVOKING Fiery Armour.
  2815 | D:4      | You fall into a shaft and drop 3 floors!
  2871 | D:7      | 2871 ||| INVOKING Fiery Armour.
  2874 | D:7      | HP: 4/41 [wight/+2 morningstar of freezing (7)]
  2874 | D:7      | HP: 1/41 [wight/+2 morningstar of freezing (3)]
  2877 | D:7      | Slain by a wight

Levels and vault maps discovered:
D:1:      minmay_arrival_diagonal_passages, layout_rooms
D:2:      layout_rooms, chequers_serial_rivers_micro_d, kennysheep_nondescript
D:3:      layout_loops_ring, portal_sewer_entry_d,
          chequers_ecumenical_altar_simple_redux, uniq_robin
D:4:      layout_rooms, yredelemnul_altar_generic, fedhas_altar_4,
          gammafunk_ghost_abyssal_escape
D:7:      minmay_octagon_keep, layout_rooms

Skill      XL: |  1  2  3  4  5  6  7 |
---------------+----------------------+-----
Axes           | 3 4 5 |  5.2
Shields        | 1 4 5 |  5.1
Armour         | 1 3 |  3.8
Fighting       | |  3.8
Spellcasting   | |  1.0
Fire Magic     | |  3.0

Action                     |  1- 3 |  4- 6 |  7- 9 || total
---------------------------+-------+-------+-------++-------
  Melee: Hand axe          |   101 |   167 |    47 ||   315
         Punch             |     3 |       |       ||     3
 Invoke: Fiery Armour      |     3 |     2 |     2 ||     7
    Use: Scroll            |     4 |     8 |       ||    12
         Potion            |       |     4 |       ||     4
 Armour: Robe              |    34 |    22 |       ||    56
         Scale mail        |       |    31 |       ||    31
         Plate armour      |       |    24 |    50 ||    74
  Dodge: Dodged            |    51 |    81 |    46 ||   178
  Block: Kite shield       |       |    36 |    38 ||    74

Table legend:
 A = Non-vault XP
 B = Vault XP
 C = Vault XP percentage of total XP
 D = Non-vault monster count
 E = Vault monster count
 F = Vault count percentage of total count
                 A         B        C        D         E       F
            +---------+---------+-------+---------+---------+-------
      Total |     781 |     285 |  26.7 |      88 |      35 |  28.5
            +---------+---------+-------+---------+---------+-------
        D:1 |      59 |       0 |   0.0 |      34 |       0 |   0.0
        D:2 |     102 |       0 |   0.0 |      21 |       0 |   0.0
        D:3 |      56 |      48 |  46.2 |      14 |      12 |  46.2
        D:4 |     312 |       0 |   0.0 |      16 |       0 |   0.0
        D:7 |     252 |       0 |   0.0 |       3 |       0 |   0.0
      Sewer |       0 |     237 | 100.0 |       0 |      23 | 100.0
            +---------+---------+-------+---------+---------+-------
